SL
BILOXI SHUCKERS @ CHATTANOOGA LOOKOUTS
07/24/2099
 
TOP OF THE 1ST
Biloxi Shuckers batting - Pitching for Chattanooga Lookouts : RHP Brian Leerssen
Pitching: RHP Brian Leerssen
Batting: RHB Marco Gutierrez 0-0: Ball
1-0: Called Strike
1-1: Foul Ball, location: 2F
1-2: Ball
2-2: SINGLE (Line Drive, 4M, EV 97.5 MPH)
Batting: RHB John Badowski 0-0: Ball
1-0: Foul Ball, location: 2F
1-1: Swinging Strike
1-2: Ball
2-2: Ball
3-2: SINGLE (Line Drive, 56, EV 98.8 MPH)
Marco Gutierrez to second
Marco Gutierrez to third
Batting: SHB Roberto Lima 0-0: Called Strike
0-1: Swinging Strike
0-2: Ball
1-2: Strikes out swinging
Batting: RHB Sean Howlett 0-0: Called Strike
0-1: Ball
1-1: Ball
2-1: Fly out, F8 (Flyball, 8RM, EV 94.4 MPH)
Runner from 3rd tags up, SCORES, throw by CF
Batting: RHB Tyler Gordon 0-0: Fly out, F8 (Flyball, 78S, EV 100.0 MPH)
Top of the 1st over - 1 run, 2 hits, 0 errors, 1 left on base; Biloxi 1 - Chattanooga 0
BOTTOM OF THE 1ST
Chattanooga Lookouts batting - Pitching for Biloxi Shuckers : RHP Justin Scott
Pitching: RHP Justin Scott
Batting: SHB Emanuel Sanchez 0-0: Called Strike
0-1: Ground out 6-3 (Groundball, 6, EV 80.0 MPH)
Batting: SHB Michael Griffith 0-0: Ball
1-0: Ball
2-0: Ball
3-0: Base on Balls
Batting: LHB Fernando Torres 0-0: Called Strike
0-1: Foul Ball, location: 2F
0-2: Ball
1-2: Foul Ball, location: 2F
1-2: Strikes out swinging
Batting: RHB Josh Biehl 0-0: Ball
1-0: Called Strike
Michael Griffith steals 2nd base
1-1: Fly out, F3 (Popup, 23F, EV 92.5 MPH)
Bottom of the 1st over - 0 runs, 0 hits, 0 errors, 1 left on base; Biloxi 1 - Chattanooga 0
TOP OF THE 2ND
Biloxi Shuckers batting - Pitching for Chattanooga Lookouts : RHP Brian Leerssen
Pitching: LHP Alex Ontiveros
Batting: RHB Cesar Oropeza 0-0: Ball
1-0: Called Strike
1-1: Foul Ball, location: 2F
1-2: Strikes out swinging
Batting: RHB David Levesque 0-0: Called Strike
0-1: Ball
1-1: Ball
2-1: Swinging Strike
2-2: Ball
3-2: Fly out, F9 (Flyball, 89M, EV 91.9 MPH)
Batting: RHB Jimmy Stanic 0-0: Called Strike
0-1: Called Strike
0-2: Strikes out swinging, 2-3 out at first.
Top of the 2nd over - 0 runs, 0 hits, 0 errors, 0 left on base; Biloxi 1 - Chattanooga 0
BOTTOM OF THE 2ND
Chattanooga Lookouts batting - Pitching for Biloxi Shuckers : RHP Justin Scott
Batting: RHB Tony Sanchez 0-0: SOLO HOME RUN (Flyball, 9D, EV 95.6 MPH), Distance : 367 ft
Batting: LHB Bobby Felton 0-0: Ball
1-0: Ground out 4-3 (Groundball, 4M, EV 89.4 MPH)
Batting: RHB Gene Homann 0-0: Foul Ball, location: 2F
0-1: Ball
1-1: SINGLE (Groundball, 4MD, EV 95.0 MPH)
Batting: RHB Juan Vargas 0-0: Called Strike
0-1: Grounds into double play, 6-4-3 (Groundball, 6M, EV 106.3 MPH)
Bottom of the 2nd over - 1 run, 2 hits, 0 errors, 0 left on base; Biloxi 1 - Chattanooga 1
TOP OF THE 3RD
Biloxi Shuckers batting - Pitching for Chattanooga Lookouts : LHP Alex Ontiveros
Batting: RHB Josh Merklin 0-0: Ball
1-0: Foul Ball, location: 5F
1-1: Ball
2-1: Reached on error, E1 (Groundball, 15S, EV 63.8 MPH)
Batting: RHB Marco Gutierrez 0-0: Ball
1-0: Swinging Strike
1-1: Called Strike
1-2: Foul Ball, location: 25F
1-2: Foul Ball, location: 2F
1-2: Fly out, F8 (Flyball, 8RD, EV 95.0 MPH)
Batting: RHB John Badowski 0-0: Ball
1-0: Ball
2-0: Ball
3-0: Foul Ball, location: 2F
3-1: Swinging Strike
3-2: Foul Ball, location: 9LMFF
3-2: Ground out 6-3 (Groundball, 6MD, EV 103.1 MPH)
Josh Merklin to second
Batting: SHB Roberto Lima 0-0: Called Strike
0-1: Ball
1-1: Foul Ball, location: 5SF
1-2: Strikes out looking
Top of the 3rd over - 0 runs, 0 hits, 1 error, 1 left on base; Biloxi 1 - Chattanooga 1
BOTTOM OF THE 3RD
Chattanooga Lookouts batting - Pitching for Biloxi Shuckers : RHP Justin Scott
Batting: RHB Matt Ortega 0-0: Swinging Strike
0-1: Ball
1-1: Foul Ball, location: 9LSF
1-2: SINGLE (Groundball, 6MD, EV 99.4 MPH)
Batting: SHB Emanuel Sanchez 0-0: Ball
1-0: Grounds into double play, 6-4-3 (Groundball, 56, EV 104.4 MPH)
Batting: SHB Michael Griffith 0-0: Called Strike
0-1: Ball
1-1: Ball
2-1: Ground out 4-3 (Groundball, 4S, EV 85.6 MPH)
Bottom of the 3rd over - 0 runs, 1 hit, 0 errors, 0 left on base; Biloxi 1 - Chattanooga 1
TOP OF THE 4TH
Biloxi Shuckers batting - Pitching for Chattanooga Lookouts : LHP Alex Ontiveros
Batting: RHB Sean Howlett 0-0: Ground out 5-3 (Groundball, 56, EV 81.9 MPH)
Batting: RHB Tyler Gordon 0-0: Called Strike
0-1: Called Strike
0-2: Ball
1-2: Strikes out swinging
Batting: RHB Cesar Oropeza 0-0: Called Strike
0-1: Foul Ball, location: 2F
0-2: Ball
1-2: Strikes out swinging
Top of the 4th over - 0 runs, 0 hits, 0 errors, 0 left on base; Biloxi 1 - Chattanooga 1
BOTTOM OF THE 4TH
Chattanooga Lookouts batting - Pitching for Biloxi Shuckers : RHP Justin Scott
Batting: LHB Fernando Torres 0-0: Swinging Strike
0-1: Ball
1-1: Foul Ball, location: 9LSF
1-2: Ball
2-2: Foul Ball, location: 2RF
2-2: Foul Ball, location: 5DF
2-2: Strikes out swinging
Batting: RHB Josh Biehl 0-0: Ball
1-0: Called Strike
1-1: Foul Ball, location: 7LDF
1-2: Foul Ball, location: 2F
1-2: Foul Ball, location: 9LMF
1-2: DOUBLE (Line Drive, 7LM, EV 92.5 MPH)
Batting: RHB Tony Sanchez 0-0: Ball
1-0: Ball
2-0: SINGLE (Groundball, 6MD, EV 111.3 MPH)
Josh Biehl to third
Runner from 3rd tries for Home, SAFE, throw by CF to home
Batting: LHB Bobby Felton 0-0: Foul Ball, location: 7LDF
0-1: Called Strike
0-2: Fielders Choice at 2nd, 6-4 (Groundball, 6, EV 85.6 MPH)
Batting: RHB Gene Homann 0-0: Swinging Strike
0-1: Ball
1-1: SINGLE (Groundball, 6M, EV 91.9 MPH) (infield hit)
Bobby Felton to second
Batting: RHB Juan Vargas 0-0: Called Strike
0-1: Foul Ball, location: 23F
0-2: Ball
1-2: Fly out, F7 (Flyball, 78M, EV 94.4 MPH)
Bottom of the 4th over - 1 run, 3 hits, 0 errors, 2 left on base; Biloxi 1 - Chattanooga 2
TOP OF THE 5TH
Biloxi Shuckers batting - Pitching for Chattanooga Lookouts : LHP Alex Ontiveros
Batting: RHB David Levesque 0-0: Foul Ball, location: 9LMF
0-1: Ground out 6-3 (Groundball, 6, EV 100.0 MPH)
Batting: RHB Jimmy Stanic 0-0: Ball
1-0: Ball
2-0: Swinging Strike
2-1: Swinging Strike
2-2: SINGLE (Groundball, 4MD, EV 108.1 MPH)
Batting: RHB Josh Merklin 0-0: Swinging Strike
0-1: Called Strike
0-2: Foul Ball, location: 3SF
0-2: Grounds into double play, 4-6-3 (Groundball, 4, EV 106.3 MPH)
Top of the 5th over - 0 runs, 1 hit, 0 errors, 0 left on base; Biloxi 1 - Chattanooga 2
BOTTOM OF THE 5TH
Chattanooga Lookouts batting - Pitching for Biloxi Shuckers : RHP Justin Scott
Batting: RHB Matt Ortega 0-0: Called Strike
0-1: Ball
1-1: Ball
2-1: Foul Ball, location: 2F
2-2: SINGLE (Groundball, 6M, EV 108.1 MPH) (infield hit)
Batting: SHB Emanuel Sanchez 0-0: Called Strike
0-1: Foul Ball, location: 2F
0-2: Ball
1-2: Ball
2-2: Strikes out looking
Batting: SHB Michael Griffith 0-0: Ball
1-0: Ball
Wild Pitch!
Matt Ortega to second
2-0: Called Strike
2-1: Ball
3-1: Foul Ball, location: 2F
3-2: Ground out 5-3 (Groundball, 56S, EV 101.3 MPH)
Batting: LHB Fernando Torres 0-0: Intentional Walk
Batting: RHB Josh Biehl 0-0: Swinging Strike
0-1: Ball
1-1: Swinging Strike
1-2: Strikes out swinging
Bottom of the 5th over - 0 runs, 1 hit, 0 errors, 2 left on base; Biloxi 1 - Chattanooga 2
TOP OF THE 6TH
Biloxi Shuckers batting - Pitching for Chattanooga Lookouts : LHP Alex Ontiveros
Batting: RHB Marco Gutierrez 0-0: Ball
1-0: Ball
2-0: Ball
3-0: Base on Balls
Batting: RHB John Badowski 0-0: Called Strike
0-1: Foul Ball, location: 2F
0-2: Ball
1-2: Foul Ball, location: 9LDF
1-2: Foul Ball, location: 25F
1-2: Ball
2-2: SINGLE (Groundball, 4D, EV 99.4 MPH)
Marco Gutierrez to second
Batting: SHB Roberto Lima 0-0: Foul Ball, location: 5DF
0-1: Ball
1-1: Called Strike
1-2: Ball
2-2: Foul Ball, location: 2F
2-2: 3-RUN HOME RUN (Flyball, 89XD, EV 98.1 MPH), Distance : 394 ft
Batting: RHB Sean Howlett 0-0: Ball
1-0: Foul Ball, location: 5FF
1-1: Swinging Strike
1-2: SOLO HOME RUN (Flyball, 7D, EV 96.3 MPH), Distance : 391 ft
Batting: RHB Tyler Gordon 0-0: SOLO HOME RUN (Flyball, 9D, EV 96.3 MPH), Distance : 360 ft
Pitching: RHP Antonio Juarez
Batting: RHB Cesar Oropeza 0-0: Foul Ball, location: 7LMF
0-1: Foul Ball, location: 25FF
0-2: Ball
1-2: Ball
2-2: Foul Ball, location: 5SF
2-2: Strikes out looking
Batting: RHB David Levesque 0-0: Ball
1-0: Called Strike
1-1: Fly out, F2 (Popup, 3SF, EV 78.8 MPH)
Batting: RHB Jimmy Stanic 0-0: Ball
1-0: Called Strike
1-1: Foul Ball, location: 2F
1-2: Strikes out swinging
Top of the 6th over - 5 runs, 4 hits, 0 errors, 0 left on base; Biloxi 6 - Chattanooga 2
BOTTOM OF THE 6TH
Chattanooga Lookouts batting - Pitching for Biloxi Shuckers : RHP Justin Scott
Batting: RHB Tony Sanchez 0-0: Ball
1-0: Called Strike
1-1: Foul Ball, location: 2F
1-2: Ball
2-2: Strikes out looking
Batting: LHB Bobby Felton 0-0: Ball
1-0: Ball
2-0: Called Strike
2-1: Foul Ball, location: 23F
2-2: Foul Ball, location: 2F
2-2: Ball
3-2: Foul Ball, location: 5SF
3-2: Ground out 5-3 (Groundball, 56, EV 107.5 MPH)
Batting: RHB Gene Homann 0-0: Fly out, F8 (Flyball, 8RD, EV 95.0 MPH)
Bottom of the 6th over - 0 runs, 0 hits, 0 errors, 0 left on base; Biloxi 6 - Chattanooga 2
TOP OF THE 7TH
Biloxi Shuckers batting - Pitching for Chattanooga Lookouts : RHP Antonio Juarez
Batting: RHB Josh Merklin 0-0: Swinging Strike
0-1: Ball
1-1: Called Strike
1-2: Ball
2-2: Strikes out swinging
Batting: RHB Marco Gutierrez 0-0: Ground out 5-3 (Groundball, 25, EV 89.4 MPH)
Batting: RHB John Badowski 0-0: Ball
1-0: Swinging Strike
1-1: Called Strike
1-2: Ball
2-2: SINGLE (Groundball, 6MS, EV 70.6 MPH) (infield hit)
Pitching: LHP Manny Dominguez
Batting: SHB Roberto Lima 0-0: Swinging Strike
0-1: Ball
1-1: Called Strike
1-2: Strikes out swinging
Top of the 7th over - 0 runs, 1 hit, 0 errors, 1 left on base; Biloxi 6 - Chattanooga 2
BOTTOM OF THE 7TH
Chattanooga Lookouts batting - Pitching for Biloxi Shuckers : RHP Justin Scott
Batting: RHB Juan Vargas 0-0: Called Strike
0-1: Swinging Strike
0-2: Ball
1-2: Ground out 1-3 (Groundball, 13S, EV 63.8 MPH)
Batting: RHB Matt Ortega 0-0: Called Strike
0-1: Called Strike
0-2: Ground out 6-3 (Groundball, 6, EV 101.3 MPH)
Batting: SHB Emanuel Sanchez 0-0: Ball
1-0: SINGLE (Line Drive, 6MD, EV 96.9 MPH)
Batting: SHB Michael Griffith 0-0: SINGLE (Groundball, 34D, EV 100.6 MPH)
Emanuel Sanchez to second
Runner from 2nd tries for 3rd, SAFE, throw by RF made to third
Batting: LHB Fernando Torres 0-0: Ball
1-0: Foul Ball, location: 7LMF
1-1: Called Strike
1-2: Ball
2-2: Fly out, F8 (Flyball, 8RD, EV 91.9 MPH)
Bottom of the 7th over - 0 runs, 2 hits, 0 errors, 2 left on base; Biloxi 6 - Chattanooga 2
TOP OF THE 8TH
Biloxi Shuckers batting - Pitching for Chattanooga Lookouts : LHP Manny Dominguez
Batting: RHB Sean Howlett 0-0: Ball
1-0: Called Strike
1-1: Fly out, F8 (Flyball, 78M, EV 98.8 MPH)
Batting: RHB Tyler Gordon 0-0: Ball
1-0: Ball
2-0: Called Strike
2-1: Fly out, F7 (Flyball, 78S, EV 89.4 MPH)
Batting: RHB Cesar Oropeza 0-0: Called Strike
0-1: Foul Ball, location: 7LMF
0-2: Strikes out swinging
Top of the 8th over - 0 runs, 0 hits, 0 errors, 0 left on base; Biloxi 6 - Chattanooga 2
BOTTOM OF THE 8TH
Chattanooga Lookouts batting - Pitching for Biloxi Shuckers : RHP Justin Scott
Batting: RHB Josh Biehl 0-0: Called Strike
0-1: Foul Ball, location: 9LMF
0-2: Foul Ball, location: 2F
0-2: Ball
1-2: Strikes out swinging
Batting: RHB Tony Sanchez 0-0: Ground out 4-3 (Groundball, 4, EV 101.3 MPH)
Batting: LHB Bobby Felton 0-0: Ball
1-0: Ball
2-0: Foul Ball, location: 3F
2-1: Foul Ball, location: 7LSF
2-2: Ball
3-2: Foul Ball, location: 7LDF
3-2: Foul Ball, location: 2F
3-2: Base on Balls
Pitching: RHP Josh Felty
Batting: RHB Gene Homann 0-0: Ball
1-0: Ball
2-0: Ball
3-0: Called Strike
3-1: Fielders Choice at 2nd, 5-4 (Groundball, 56, EV 86.9 MPH)
Bottom of the 8th over - 0 runs, 0 hits, 0 errors, 1 left on base; Biloxi 6 - Chattanooga 2
TOP OF THE 9TH
Biloxi Shuckers batting - Pitching for Chattanooga Lookouts : LHP Manny Dominguez
Batting: RHB David Levesque 0-0: Ball
1-0: Fly out, F8 (Flyball, 8LD, EV 97.5 MPH)
Batting: RHB Jimmy Stanic 0-0: Fly out, F9 (Flyball, 89M, EV 92.5 MPH)
Batting: RHB Josh Merklin 0-0: Ball
1-0: Called Strike
1-1: Fly out, F9 (Flyball, 89D, EV 88.1 MPH)
Top of the 9th over - 0 runs, 0 hits, 0 errors, 0 left on base; Biloxi 6 - Chattanooga 2
BOTTOM OF THE 9TH
Chattanooga Lookouts batting - Pitching for Biloxi Shuckers : RHP Josh Felty
Batting: RHB Juan Vargas 0-0: Called Strike
0-1: Foul Ball, location: 2F
0-2: Ball
1-2: Ball
2-2: SINGLE (Line Drive, 56D, EV 98.8 MPH)
Batting: RHB Matt Ortega 0-0: Ball
1-0: Ball
2-0: Called Strike
2-1: Swinging Strike
2-2: Grounds into double play, 5-4-3 (Groundball, 56, EV 82.5 MPH)
Batting: SHB Emanuel Sanchez 0-0: Ball
1-0: Fly out, F7 (Flyball, 7D, EV 99.4 MPH)
Bottom of the 9th over - 0 runs, 1 hit, 0 errors, 0 left on base; Biloxi 6 - Chattanooga 2
Sunday, May 12th , 2024 - OOTP Baseball 24.11 Build 85